 Dungeon Crawl Stone Soup version 0.29.0-11-gd7f09526c8 (webtiles) character file.

Game seed: 18145557452901041685

454 AttackTheMoon the Covered (level 7, -6/44 HPs)
             Began as a Gargoyle Fighter on Sept 3, 2022.
             Mangled by a wight
             ... wielding a +0 spear
              (7 damage)
             ... on level 4 of the Dungeon.
             The game lasted 00:04:33 (3573 turns).

AttackTheMoon the Covered (Gargoyle Fighter)        Turns: 3573, Time: 00:04:33

Health: -6/44      AC: 12    Str: 21    XL:     7   Next: 5%
Magic:  0/7        EV:  9    Int:  9    God:
Gold:   797        SH:  5    Dex:  9    Spells: 6/6 levels left

rFire   . . .      SeeInvis .   o - +2 flail (holy)
rCold   + . .      Faith    .   c - +1 buckler
rNeg    + + .      Spirit   +   b - +0 scale mail
rPois   ∞          Reflect  .   (no helmet)
rElec   +          Harm     .   (no cloak)
rCorr   .          Rampage  .   (no gloves)
Will    .....                   (no boots)
Stlth   ..........              s - amulet of guardian spirit
HPRegen 0.14/turn               f - ring of protection from cold
MPRegen 0.10/turn               j - ring of positive energy

@: mighty, studying Maces & Flails
A: sickness immunity, AC +4, negative energy resistance 1, electricity
resistance, torment resistance 1, petrification resistance
a: no special abilities


You were on level 4 of the Dungeon.
You visited 1 branch of the dungeon, and saw 4 of its levels.

You collected 797 gold pieces.

Inventory:

Hand Weapons
 o - a +2 flail of holy wrath (weapon)
Missiles
 m - 3 throwing nets (quivered)
Armour
 b - a +0 scale mail (worn)
 c - a +1 buckler (worn)
 e - the +2 leather armour "Ryimar" {rF+ Dex+3 Stlth+}
   (You found it on level 2 of the Dungeon)

   Dex:       It affects your dexterity (+3).
   rF:        It protects you from fire.
   Stlth:     It makes you more stealthy.
Jewellery
 f - a ring of protection from cold (left hand)
 j - a ring of positive energy (right hand)
 l - a ring of fire
 s - an amulet of guardian spirit (around neck)
 w - a ring of wizardry
Wands
 n - a wand of paralysis (23)
 u - a wand of roots (2)
Scrolls
 a - a scroll of fear
 g - a scroll of immolation
 h - a scroll of blinking
 k - a scroll of identify
 t - 2 scrolls of teleportation
Potions
 i - 2 potions of attraction
 p - a potion of lignification
 q - a potion of cancellation {unknown}
 v - a potion of curing {unknown}


   Skills:
 + Level 5.0 Fighting
 + Level 4.0 Maces & Flails
 + Level 5.1 Armour
 + Level 5.0 Shields


You had 6 spell levels left.
You didn't know any spells.
Your spell library contained the following spells:

 Spells                   Type           Power      Damage    Failure   Level
 Foxfire                  Conj/Fire      0%         2x1d4     80%         1
 Sting                    Tmut/Pois      0%         1d3       80%         1
 Poisonous Vapours        Pois/Air       0%         N/A       90%         2
 Conjure Flame            Conj/Fire      0%         6-21      99%         3
 Inner Flame              Hex/Fire       0%         N/A       99%         3
 Summon Guardian Golem    Hex/Summ       0%         N/A       99%         3
 Flame Wave               Conj/Fire      0%         2d4       100%        4
 Olgreb's Toxic Radiance  Pois           0%         N/A       100%        4
 Orb of Destruction       Conj           0%         9d5       100%        7
 Spellforged Servitor     Conj/Summ      0%         N/A       100%        7


Dungeon Overview and Level Annotations

Branches:
Dungeon (4/15)
 Temple: D:4-7

Altars:


Innate Abilities, Weirdness & Mutations

You are immune to sickness and miasma.
Your stone body is resilient. (AC +4)
You are immune to poison.
You resist negative energy. (rN+)
You are resistant to electric shocks. (rElec)
You are resistant to unholy torment.
You are immune to petrification.


Message History

You are too injured to fight recklessly!
You are too injured to fight recklessly!
You are too injured to fight recklessly!
You are too injured to fight recklessly!
You are too injured to fight recklessly!
You are too injured to fight recklessly!
You are too injured to fight recklessly!
You are too injured to fight recklessly!
You are too injured to fight recklessly!
You are too injured to fight recklessly!
You are too injured to fight recklessly!
The wight attacks as you move away! The wight barely misses you.
The wight attacks as you move away! You block the wight's attack.
The wight attacks as you move away! The wight barely misses you.
The wight attacks as you move away! You block the wight's attack.
You barely miss the wight.
The wight is moderately damaged.
The wight barely misses you. x2
The wight hits you from afar with a +0 spear.
You thump the wight!
The wight convulses!
The wight is almost destroyed.
The wight closely misses you.
The wight hits you with a +1 great sword of freezing!
* * * LOW HITPOINT WARNING * * *
The wight freezes you.
* * * LOW HITPOINT WARNING * * *
Okay, then.
You feel very mighty all of a sudden. You block the wight's attack.
The wight hits you with a +1 flail of freezing!
* * * LOW HITPOINT WARNING * * *
The wight hits you but does no damage. The wight barely misses you.
You completely miss the wight. The wight hits you but does no damage.
The wight barely misses you.
The wight hits you with a +1 great sword of freezing.
* * * LOW HITPOINT WARNING * * *
You sock the wight!
The wight convulses.
The wight is almost destroyed.
The wight barely misses you. The wight hits you with a +0 spear!
You die...

##.....##......#..###
.#......##.....##.....
...............#......
#.###..............#
#.............>..###
.......>...###....##
#....#.....#.......##.#
...###.....##..#.z....#
... #..###.##.##@###..#
.. #.# ###...#zz#.#..#
#............#
#.........#.##
#....##...## .. ##...
###... .# ..... ..#...
# .#.... ....##.. ###.
...## #


You could see 3 wights.

Vanquished Creatures
  A phantom (D:4)
  2 necrophages
  A scorpion (D:4)
  Ijyb (D:3)
  Robin (D:3)
  8 adders
  A dart slug (D:3)
  3 orcs (D:3)
  5 bats
  5 endoplasms
  6 giant cockroaches
  17 goblins
  8 hobgoblins
  5 quokkas
  8 ball pythons
  2 frilled lizards
  5 kobolds
  5 rats
84 creatures vanquished.

Notes
Turn   | Place    | Note
-------+----------+-------------------------------------------
     0 | D:1      | AttackTheMoon the Gargoyle Fighter began the quest for the
                  | Orb.
     0 | D:1      | Reached XP level 1. HP: 14/14 MP: 1/1
   274 | D:1      | Found a faded altar of an unknown god.
   738 | D:1      | Reached XP level 2. HP: 19/19 MP: 2/2
  1034 | D:2      | Reached XP level 3. HP: 21/23 MP: 3/3
  1117 | D:2      | Identified the +2 leather armour "Ryimar" {rF+ Dex+3
                  | Stlth+}
  2135 | D:3      | Noticed Robin
  2140 | D:2      | Reached XP level 4. HP: 28/29 MP: 4/4
  2326 | D:3      | Killed Robin
  2731 | D:3      | Reached XP level 5. HP: 33/33 MP: 5/5
  2992 | D:3      | Noticed Ijyb
  3012 | D:3      | Killed Ijyb
  3013 | D:3      | Reached XP level 6. HP: 15/39 MP: 2/6
  3382 | D:3      | Identified a scroll of acquirement
  3382 | D:3      | Acquired 584 gold pieces
  3478 | D:4      | Reached skill level 5 in Armour
  3482 | D:4      | Reached skill level 5 in Fighting
  3482 | D:4      | Reached skill level 5 in Shields
  3482 | D:4      | Reached XP level 7. HP: 37/44 MP: 5/7
  3485 | D:4      | Acquired a manual of Maces & Flails
  3572 | D:4      | HP: 1/44 [wight/+1 great sword of freezing (4)]
  3573 | D:4      | Mangled by a wight

Illustrated notes

Levels and vault maps discovered:
D:1:      lightli_arrival_chessboard, layout_loops_ring, basic_ecumenical_altar
D:2:      layout_basic, minmay_fractal_squares_gapless_5
D:3:      layout_rooms, minmay_joined_circles, uniq_ijyb, uniq_robin
D:4:      minmay_angry_zag, layout_cave_pools, mainiacjoe_overflow_boulevard,
          kennysheep_donut, dreamdust_mushroom_princess,
          minmay_tree_intersection

Skill      XL: |  1  2  3  4  5  6 |
---------------+-------------------+-----
Armour         | 4 5 |  5.1
Fighting       | 4 5 |  5.0
Shields        | 4 5 |  5.0
Maces & Flails | 3 4 |  4.0

Action                   |  1- 3 |  4- 6 |  7- 9 || total
-------------------------+-------+-------+-------++-------
Melee: Flail             |   101 |   159 |    12 ||   272
  Use: Scroll            |     6 |     5 |     1 ||    12
       Potion            |       |       |     1 ||     1
Armor: Scale mail        |    61 |   100 |     9 ||   170
Dodge: Dodged            |    67 |    79 |    11 ||   157
Block: Buckler           |    18 |    55 |    10 ||    83
